WCHLSIM.com - West Coast Hockey League
html PUBLIC "-//W3C//DTD XHTML 1.0 Transitional//EN" "http://www.w3.org/TR/xhtml1/DTD/xhtml1-transitional.dtd"> WCHL - Game 1136 - SAN FRANCISCO SPIDERS vs PHOENIX MUSTANGS

SAN FRANCISCO SPIDERS vs PHOENIX MUSTANGS

Created - 1 avril 2024 at 15:51

Goals
1 2 3 OT1 T
SAN FRANCISCO SPIDERS 1 0 0 1 2
PHOENIX MUSTANGS 1 0 0 0 1
Shots
1 2 3 OT1 T
SAN FRANCISCO SPIDERS 20 13 15 4 52
PHOENIX MUSTANGS 6 10 6 0 22

1st period

1. PHOENIX MUSTANGS , Taylor Hall 12 (Andreas Athanasiou 16) at 17:49
2. SAN FRANCISCO SPIDERS , Nick Bjugstad 14 (Ondrej Palat 17) at 19:51

Penalties :
Matt Irwin (PHX) for Hooking (Minor) at 0:17, Tyler Wotherspoon (PHX) for Holding (Minor) at 13:36

2nd period

No Goal

Penalties :
Brenden Dillon (SAF) for Slashing (Minor) at 6:36, Brady Tkachuk (SAF) for Interference (Minor) at 17:44

3rd period

No Goal

Penalties :
Dakota Joshua (SAF) for Holding (Minor) at 10:51, Matt Irwin (PHX) for High sticking (Minor) at 19:01

Overtime #1

3. SAN FRANCISCO SPIDERS , Bo Horvat 37 (Jack Roslovic 26, Darnell Nurse 41) at 1:17

Penalties :
No Penalty

Goalie Stats

Igor Shesterkin (SAF), 21 saves from 22 shots - (0,955), W, 43-17-3, 61:18 minutes
Jake Allen (PHX), 50 saves from 52 shots - (0,962), OTL, 17-29-3, 61:18 minutes

Players Stats for SAN FRANCISCO SPIDERS

Player Name              G  A  P  +/- PIM S  H  SB GA TA FO     MP     PP MP  PK MP  
------------------------------------------------------------------------------------
Andrei Svechnikov        0  0  0   0  0   5  2  0  0  0  1/2    19:37   1:38   1:01 
Bo Horvat                1  0  1   1  0   12 0  1  0  0  28/35  25:20   3:18   3:47 
Brady Tkachuk            0  0  0  -1  2   7  2  0  0  0  0/0    21:26   3:18   1:00 
Brenden Dillon           0  0  0   0  2   1  3  0  0  0  0/0    23:21   2:33   2:07 
Brock Faber              0  0  0  -1  0   1  1  0  0  0  0/0    23:51   2:23   2:04 
Dakota Joshua            0  0  0   0  2   0  1  0  0  0  2/4     3:07   0:00   0:18 
Darnell Nurse            0  1  1   1  0   0  0  4  0  0  0/0    26:41   2:33   3:31 
Eeli Tolvanen            0  0  0   0  0   1  0  0  0  0  0/0     2:50   0:00   0:00 
Erik Gudbranson          0  0  0   1  0   1  0  0  0  0  0/0    12:44   0:00   0:42 
Jack Roslovic            0  1  1   2  0   5  1  0  0  0  2/5    18:02   1:38   3:56 
Jacob Middleton          0  0  0   1  0   0  0  0  0  0  0/0    12:24   0:00   0:22 
Jared McCann             0  0  0   0  0   6  0  0  0  0  0/2    19:36   1:38   0:00 
Justin Brazeau           0  0  0  -1  0   0  3  0  0  0  14/27  17:09   0:00   0:00 
Michael Anderson         0  0  0  -1  0   1  2  0  0  0  0/0    23:17   2:23   3:08 
Nick Bjugstad            1  0  1   1  0   5  0  0  0  0  13/18  12:10   0:00   0:00 
Ondrej Palat             0  1  1   1  0   1  2  0  0  0  0/0    12:10   0:00   0:00 
Sam Lafferty             0  0  0   0  0   1  0  0  0  0  0/0     2:50   0:00   0:00 
Viktor Arvidsson         0  0  0  -1  0   5  1  1  0  0  2/4    22:20   3:18   1:52 

Players Stats for PHOENIX MUSTANGS

Player Name              G  A  P  +/- PIM S  H  SB GA TA FO     MP     PP MP  PK MP  
------------------------------------------------------------------------------------
Alex Barre-Boulet        0  0  0   0  0   1  0  0  0  0  0/0     5:28   0:00   0:00 
Andreas Athanasiou       0  1  1   0  0   5  2  1  0  0  17/42  22:41   3:59   2:20 
Arthur Kaliyev           0  0  0   0  0   0  0  2  0  0  0/0    11:20   0:00   0:00 
Chris Terry              0  0  0   0  0   0  0  0  0  0  0/0    11:20   0:00   0:00 
Conor Garland            0  0  0  -1  0   1  1  0  0  0  0/0    18:12   1:58   0:00 
Conor Sheary             0  0  0   0  0   3  0  0  0  0  1/1    22:58   3:59   2:37 
Gavin Bayreuther         0  0  0   1  0   0  0  2  0  0  0/0    20:58   3:21   2:46 
Ilya Lyubushkin          0  0  0   1  0   0  3  1  0  0  0/0    22:38   3:01   2:34 
Jesper Fast              0  0  0  -1  0   1  2  1  0  0  0/0    20:32   1:58   2:20 
John Klingberg           0  0  0  -1  0   1  2  2  0  0  0/0    24:09   2:36   3:23 
Jonathan Miller          0  0  0   0  0   1  2  0  0  0  5/9     5:28   0:00   0:00 
Juuso Parssinen          0  0  0  -1  0   2  1  2  0  0  8/26   18:12   1:58   0:00 
Laurent Dauphin          0  0  0   0  0   0  0  0  0  0  1/1     5:28   0:00   0:00 
Matt Irwin               0  0  0  -1  4   0  1  1  0  0  0/0    18:32   2:36   0:00 
Mike Sgarbossa           0  0  0   0  0   0  0  0  0  0  0/8    11:20   0:00   0:00 
Taylor Hall              1  0  1   1  0   7  3  0  0  0  3/10   23:40   3:59   3:36 
Tyler Wotherspoon        0  0  0   0  2   0  4  2  0  0  0/0    17:33   0:20   1:08 
Xavier Ouellet           0  0  0  -1  0   0  0  0  0  0  0/0    18:26   0:00   2:03 

3 Stars

1 - Jake Allen (PHX)
2 - Taylor Hall (PHX)
3 - Bo Horvat (SAF)

Power Play

SAN FRANCISCO SPIDERS - 0 on 3 Attempt(s) - 0,00%
PHOENIX MUSTANGS - 0 on 3 Attempt(s) - 0,00%

Penalty Kill

SAN FRANCISCO SPIDERS - 3 on 3 Attempt(s) - 100,00% - Score 0 goal in Penalty Kill
PHOENIX MUSTANGS - 3 on 3 Attempt(s) - 100,00% - Score 0 goal in Penalty Kill

Team Stat

SAN FRANCISCO SPIDERS - Hits : 18 - Faceoff Wins : 62 - Blocked Shots : 6 - Penalty Minutes : 6
PHOENIX MUSTANGS - Hits : 21 - Faceoff Wins : 35 - Blocked Shots : 14 - Penalty Minutes : 6

Official

Referees : Dean Morton and Tim Peel
Linesman : Ken Bonham and Derek Wahl

Game Notes

Tyler Wotherspoon is injured at 17:20 of 3rd period (Left Hand)

Finance

Level 1 -- Attendance: 5309 (81,68%) -- Ticket Income 929 075 $
Level 2 -- Attendance: 5288 (90,39%) -- Ticket Income 581 680 $
Level 3 -- Attendance: 2058 (68,60%) -- Ticket Income 205 800 $
Level 4 -- Attendance: 3662 (91,55%) -- Ticket Income 274 650 $
Luxury Box -- Attendance: 821 (82,10%) -- Ticket Income 287 350 $
Game was played at the Mustangs Palace.
Total Attendance: 17138 (84,22%)
Total Ticket Income: 2 278 555 $
Other Expense: 22 786 $
Total Income: 2 255 769 $

SAN FRANCISCO SPIDERS

5 vs 5 Forward 
   Center                   Left Wing                Right Wing               Time % Phy DF OF 
 1 Bo Horvat                Jared McCann             Andrei Svechnikov        35     0   1  4  
 2 Justin Brazeau           Brady Tkachuk            Viktor Arvidsson         35     0   1  4  
 3 Nick Bjugstad            Ondrej Palat             Jack Roslovic            25     0   3  2  
 4 Dakota Joshua            Sam Lafferty             Eeli Tolvanen            5      0   5  0  

5 vs 5 Defense 
   Defense                  Defense                                           Time % Phy DF OF 
 1 Darnell Nurse            Brenden Dillon                                    38     0   4  1  
 2 Michael Anderson         Brock Faber                                       37     0   4  1  
 3 Erik Gudbranson          Jacob Middleton                                   15     0   5  0  
 4 Darnell Nurse            Brock Faber                                       10     0   4  1  

PowerPlay Forward 
   Center                   Left Wing                Right Wing               Time % Phy DF OF 
 1 Jack Roslovic            Andrei Svechnikov        Jared McCann             55     0   0  5  
 2 Bo Horvat                Brady Tkachuk            Viktor Arvidsson         45     0   0  5  

PowerPlay Defense
   Defense                  Defense                                           Time % Phy DF OF 
 1 Darnell Nurse            Brenden Dillon                                    55     0   1  4  
 2 Michael Anderson         Brock Faber                                       45     0   1  4  

Penalty Kill 4 Players Forward 
   Center                   Wing                     Time % Phy DF OF 
 1 Bo Horvat                Jack Roslovic            55     0   5  0  
 2 Viktor Arvidsson         Jack Roslovic            45     0   5  0  

Penalty Kill 4 Players Defense
   Defense                  Defense                  Time % Phy DF OF 
 1 Darnell Nurse            Brenden Dillon           55     0   5  0  
 2 Brock Faber              Michael Anderson         45     0   5  0  

Penalty Kill - 3 Players Forward 
   Forward                                           Time % Phy DF OF 
 1 Jack Roslovic                                     55     0   5  0  
 2 Bo Horvat                                         45     0   5  0  

Penalty Kill - 3 Players Defense
   Defense                  Defense                  Time % Phy DF OF 
 1 Darnell Nurse            Brenden Dillon           55     0   5  0  
 2 Brock Faber              Michael Anderson         45     0   5  0  

4 vs 4 Forward 
   Center                   Wing                     Time % Phy DF OF 
 1 Bo Horvat                Jared McCann             55     1   2  2  
 2 Jack Roslovic            Viktor Arvidsson         45     1   2  2  

4 vs 4 Defense
   Defense                  Defense                  Time % Phy DF OF 
 1 Darnell Nurse            Brenden Dillon           55     1   2  2  
 2 Michael Anderson         Brock Faber              45     1   2  2  

Last Minutes Offensive
   Center                   Left Wing                Right Wing               Defense                  Defense                  
   Bo Horvat                Justin Brazeau           Viktor Arvidsson         Darnell Nurse            Brenden Dillon           

Last Minutes Defensive
   Center                   Left Wing                Right Wing               Defense                  Defense                  
   Bo Horvat                Justin Brazeau           Viktor Arvidsson         Darnell Nurse            Brenden Dillon           

Goaltenders
Starting : Igor Shesterkin          
Backup : Kevin Lankinen           

Extra Forwards
Normal : Bo Horvat, Jared McCann, Viktor Arvidsson - PP : Viktor Arvidsson, Jack Roslovic - PK : Bo Horvat
Extra Defensemen
Normal : Darnell Nurse, Brock Faber, Brenden Dillon - PP : Michael Anderson - PK : Darnell Nurse, Erik Gudbranson
Penalty Shots
Brady Tkachuk, Bo Horvat, Jared McCann, Viktor Arvidsson, Andrei Svechnikov
Custom OT Lines Forwards
Jack Roslovic, Bo Horvat, Brady Tkachuk, Jared McCann, Andrei Svechnikov, Nick Bjugstad, Viktor Arvidsson, Ondrej Palat, Dakota Joshua, Eeli Tolvanen
Custom OT Lines Defensemen
Darnell Nurse, Brock Faber, Brenden Dillon, Erik Gudbranson, Michael Anderson

Scratches
Sebastian Aho (Suspend), Sean Durzi (Fractured Left Foot Injury), Zach Hyman (Bruised Left Leg Injury)

PHOENIX MUSTANGS

5 vs 5 Forward 
   Center                   Left Wing                Right Wing               Time % Phy DF OF 
 1 Andreas Athanasiou       Taylor Hall              Conor Sheary             36     1   2  2  
 2 Juuso Parssinen          Conor Garland            Jesper Fast              31     1   2  2  
 3 Mike Sgarbossa           Chris Terry              Arthur Kaliyev           23     1   2  2  
 4 Jonathan Miller          Alex Barre-Boulet        Laurent Dauphin          10     1   2  2  

5 vs 5 Defense 
   Defense                  Defense                                           Time % Phy DF OF 
 1 Matt Irwin               John Klingberg                                    36     1   2  2  
 2 Ilya Lyubushkin          Gavin Bayreuther                                  31     1   2  2  
 3 Tyler Wotherspoon        Xavier Ouellet                                    23     1   2  2  
 4 Ilya Lyubushkin          John Klingberg                                    10     1   2  2  

PowerPlay Forward 
   Center                   Left Wing                Right Wing               Time % Phy DF OF 
 1 Andreas Athanasiou       Taylor Hall              Conor Sheary             55     1   2  2  
 2 Juuso Parssinen          Conor Garland            Jesper Fast              45     1   2  2  

PowerPlay Defense
   Defense                  Defense                                           Time % Phy DF OF 
 1 Matt Irwin               John Klingberg                                    55     1   2  2  
 2 Ilya Lyubushkin          Gavin Bayreuther                                  45     1   2  2  

Penalty Kill 4 Players Forward 
   Center                   Wing                     Time % Phy DF OF 
 1 Taylor Hall              Conor Sheary             55     1   2  2  
 2 Andreas Athanasiou       Jesper Fast              45     1   2  2  

Penalty Kill 4 Players Defense
   Defense                  Defense                  Time % Phy DF OF 
 1 Tyler Wotherspoon        John Klingberg           55     1   2  2  
 2 Ilya Lyubushkin          Gavin Bayreuther         45     1   2  2  

Penalty Kill - 3 Players Forward 
   Forward                                           Time % Phy DF OF 
 1 Taylor Hall                                       55     1   2  2  
 2 Conor Sheary                                      45     1   2  2  

Penalty Kill - 3 Players Defense
   Defense                  Defense                  Time % Phy DF OF 
 1 Matt Irwin               John Klingberg           55     1   2  2  
 2 Ilya Lyubushkin          Gavin Bayreuther         45     1   2  2  

4 vs 4 Forward 
   Center                   Wing                     Time % Phy DF OF 
 1 Taylor Hall              Conor Sheary             55     1   2  2  
 2 Andreas Athanasiou       Jesper Fast              45     1   2  2  

4 vs 4 Defense
   Defense                  Defense                  Time % Phy DF OF 
 1 Xavier Ouellet           John Klingberg           55     1   2  2  
 2 Ilya Lyubushkin          Gavin Bayreuther         45     1   2  2  

Last Minutes Offensive
   Center                   Left Wing                Right Wing               Defense                  Defense                  
   Andreas Athanasiou       Taylor Hall              Conor Sheary             Matt Irwin               John Klingberg           

Last Minutes Defensive
   Center                   Left Wing                Right Wing               Defense                  Defense                  
   Andreas Athanasiou       Taylor Hall              Conor Sheary             Matt Irwin               John Klingberg           

Goaltenders
Starting : Jake Allen               
Backup : Anton Forsberg           

Extra Forwards
Normal : Laurent Dauphin, Taylor Hall, Chris Terry - PP : Laurent Dauphin, Conor Sheary - PK : Chris Terry
Extra Defensemen
Normal : Tyler Wotherspoon, Xavier Ouellet, Ilya Lyubushkin - PP : Tyler Wotherspoon - PK : Xavier Ouellet, Ilya Lyubushkin
Penalty Shots
Taylor Hall, Conor Sheary, Andreas Athanasiou, Jesper Fast, Juuso Parssinen
Custom OT Lines Forwards
Taylor Hall, Conor Sheary, Andreas Athanasiou, Jesper Fast, Juuso Parssinen, Conor Garland, Laurent Dauphin, Chris Terry, Arthur Kaliyev, Jonathan Miller
Custom OT Lines Defensemen
Xavier Ouellet, John Klingberg, Ilya Lyubushkin, Gavin Bayreuther, Tyler Wotherspoon

Scratches
Adam Ruzicka (Separated Right Shoulder Injury), Christian Fischer (Healthy), T.J. Brodie (Healthy), Jeff Petry (Separated Right Shoulder Injury)

% Time on Ice - SAN FRANCISCO SPIDERS

Lines # - Real PCT - Wanted PCT - Time Play
Normal Forward
1 - 35% - 35% - 16:58
2 - 35% - 35% - 17:09
3 - 25% - 25% - 12:10
4 - 6% - 5% - 2:50
Normal Defense
1 - 37% - 38% - 17:58
2 - 36% - 37% - 17:29
3 - 24% - 15% - 12:02
4 - 3% - 10% - 1:38
PP Forward
1 - 33% - 55% - 1:38
2 - 67% - 45% - 3:18
PP Defense
1 - 52% - 55% - 2:33
2 - 48% - 45% - 2:23
PK Forward
1 - 69% - 55% - 4:05
2 - 31% - 45% - 1:52
PK Defense
1 - 65% - 55% - 3:53
2 - 35% - 45% - 2:04
PK3 Forward
1 - 0% - 55%
2 - 0% - 45%
PK3 Defense
1 - 0% - 55%
2 - 0% - 45%
44 Forward
1 - 98% - 55% - 1:00
2 - 2% - 45% - 0:01
44 Defense
1 - 72% - 55% - 0:44
2 - 28% - 45% - 0:17
Last Minute Offensive  - 0:00
Last Minute Defensive  - 0:00
Total
Forward - 61:01
Defense - 61:01

% Time on Ice - PHOENIX MUSTANGS

Lines # - Real PCT - Wanted PCT - Time Play
Normal Forward
1 - 33% - 36% - 16:05
2 - 33% - 31% - 16:14
3 - 23% - 23% - 11:20
4 - 11% - 10% - 5:28
Normal Defense
1 - 33% - 36% - 15:58
2 - 30% - 31% - 14:51
3 - 33% - 23% - 16:06
4 - 4% - 10% - 2:12
PP Forward
1 - 67% - 55% - 3:59
2 - 33% - 45% - 1:58
PP Defense
1 - 44% - 55% - 2:36
2 - 56% - 45% - 3:21
PK Forward
1 - 53% - 55% - 2:36
2 - 47% - 45% - 2:20
PK Defense
1 - 56% - 55% - 2:46
2 - 44% - 45% - 2:10
PK3 Forward
1 - 98% - 55% - 1:00
2 - 2% - 45% - 0:01
PK3 Defense
1 - 61% - 55% - 0:37
2 - 39% - 45% - 0:24
44 Forward
1 - 0% - 55%
2 - 0% - 45%
44 Defense
1 - 0% - 55%
2 - 0% - 45%
Last Minute Offensive  - 0:00
Last Minute Defensive  - 0:00
Total
Forward - 61:01
Defense - 61:01

Play-by-Play

1st period


0:01 of 1st period - Andreas Athanasiou wins face-off versus Jared McCann in neutral zone.
0:17 of 1st period - Minor Penalty to Matt Irwin for Hooking.
0:18 of 1st period - Bo Horvat wins face-off versus Taylor Hall in PHOENIX MUSTANGS zone.
0:43 of 1st period - Shot by Brady Tkachuk.
0:43 of 1st period - Shot Blocked by Gavin Bayreuther.
0:53 of 1st period - Shot by Bo Horvat.
0:53 of 1st period - Stopped by Jake Allen with a rebound.
0:55 of 1st period - Shot by Brock Faber.
0:55 of 1st period - Stopped by Jake Allen without a rebound.
0:56 of 1st period - Andreas Athanasiou wins face-off versus Jack Roslovic in PHOENIX MUSTANGS zone.
1:32 of 1st period - Off-side.
1:33 of 1st period - Viktor Arvidsson wins face-off versus Andreas Athanasiou in neutral zone.
1:38 of 1st period - Shot by Viktor Arvidsson.
1:38 of 1st period - Stopped by Jake Allen with a rebound.
1:40 of 1st period - Shot by Brady Tkachuk.
1:40 of 1st period - Stopped by Jake Allen without a rebound.
1:41 of 1st period - Bo Horvat wins face-off versus Taylor Hall in PHOENIX MUSTANGS zone.
2:00 of 1st period - John Klingberg is hit by Brady Tkachuk and loses puck.
2:35 of 1st period - Jack Roslovic is hit by Ilya Lyubushkin and loses puck.
2:40 of 1st period - Shot by Jack Roslovic.
2:40 of 1st period - Shot Misses the Net.
2:42 of 1st period - Shot by Darnell Nurse.
2:42 of 1st period - Shot Blocked by Gavin Bayreuther.
3:02 of 1st period - Shot by Nick Bjugstad.
3:02 of 1st period - Stopped by Jake Allen without a rebound.
3:03 of 1st period - Justin Brazeau wins face-off versus Juuso Parssinen in PHOENIX MUSTANGS zone.
3:24 of 1st period - Shot by Brady Tkachuk.
3:24 of 1st period - Stopped by Jake Allen with a rebound.
3:28 of 1st period - Shot by Viktor Arvidsson.
3:28 of 1st period - Stopped by Jake Allen without a rebound.
3:29 of 1st period - Andreas Athanasiou wins face-off versus Bo Horvat in PHOENIX MUSTANGS zone.
3:31 of 1st period - Icing by Conor Sheary.
3:32 of 1st period - Andreas Athanasiou wins face-off versus Andrei Svechnikov in PHOENIX MUSTANGS zone.
3:54 of 1st period - Off-side.
3:55 of 1st period - Juuso Parssinen wins face-off versus Justin Brazeau in neutral zone.
4:04 of 1st period - Off-side.
4:05 of 1st period - Justin Brazeau wins face-off versus Andreas Athanasiou in neutral zone.
4:27 of 1st period - Shot by Andreas Athanasiou.
4:27 of 1st period - Shot Misses the Net.
4:29 of 1st period - Shot by Taylor Hall.
4:29 of 1st period - Stopped by Igor Shesterkin with a rebound.
4:39 of 1st period - Shot by Taylor Hall.
4:39 of 1st period - Shot Misses the Net.
4:41 of 1st period - Shot by Taylor Hall.
4:41 of 1st period - Stopped by Igor Shesterkin without a rebound.
4:42 of 1st period - Bo Horvat wins face-off versus Juuso Parssinen in SAN FRANCISCO SPIDERS zone.
6:03 of 1st period - Shot by Ondrej Palat.
6:03 of 1st period - Shot Misses the Net.
6:11 of 1st period - Shot by Jack Roslovic.
6:11 of 1st period - Stopped by Jake Allen without a rebound.
6:12 of 1st period - Justin Brazeau wins face-off versus Andreas Athanasiou in PHOENIX MUSTANGS zone.
6:33 of 1st period - Shot by Viktor Arvidsson.
6:33 of 1st period - Stopped by Jake Allen without a rebound.
6:34 of 1st period - Dakota Joshua wins face-off versus Mike Sgarbossa in PHOENIX MUSTANGS zone.
6:59 of 1st period - Shot by Michael Anderson.
6:59 of 1st period - Shot Misses the Net.
7:01 of 1st period - Shot by Eeli Tolvanen.
7:01 of 1st period - Stopped by Jake Allen without a rebound.
7:02 of 1st period - Andreas Athanasiou wins face-off versus Justin Brazeau in PHOENIX MUSTANGS zone.
8:09 of 1st period - Shot by Bo Horvat.
8:09 of 1st period - Shot Misses the Net.
8:11 of 1st period - Shot by Andrei Svechnikov.
8:11 of 1st period - Deflect By Bo Horvat.
8:11 of 1st period - Stopped by Jake Allen without a rebound.
8:12 of 1st period - Nick Bjugstad wins face-off versus Mike Sgarbossa in PHOENIX MUSTANGS zone.
8:37 of 1st period - Shot by Nick Bjugstad.
8:37 of 1st period - Shot Blocked by John Klingberg.
8:45 of 1st period - Shot by Ondrej Palat.
8:45 of 1st period - Shot Blocked by Arthur Kaliyev.
8:47 of 1st period - Shot by Erik Gudbranson.
8:47 of 1st period - Shot Misses the Net.
8:49 of 1st period - Shot by Ondrej Palat.
8:49 of 1st period - Shot Misses the Net.
8:51 of 1st period - Shot by Nick Bjugstad.
8:51 of 1st period - Stopped by Jake Allen with a rebound.
8:53 of 1st period - Shot by Jack Roslovic.
8:53 of 1st period - Shot Misses the Net.
9:22 of 1st period - Shot by Andrei Svechnikov.
9:22 of 1st period - Stopped by Jake Allen without a rebound.
9:23 of 1st period - Justin Brazeau wins face-off versus Juuso Parssinen in PHOENIX MUSTANGS zone.
9:24 of 1st period - Shot by Viktor Arvidsson.
9:24 of 1st period - Shot Misses the Net.
10:19 of 1st period - Gavin Bayreuther is hit by Justin Brazeau and loses puck.
10:30 of 1st period - Shot by Andrei Svechnikov.
10:30 of 1st period - Stopped by Jake Allen with a rebound.
10:36 of 1st period - Shot by Jared McCann.
10:36 of 1st period - Stopped by Jake Allen with a rebound.
10:48 of 1st period - Shot by Andrei Svechnikov.
10:48 of 1st period - Stopped by Jake Allen without a rebound.
10:49 of 1st period - Nick Bjugstad wins face-off versus Jonathan Miller in PHOENIX MUSTANGS zone.
10:55 of 1st period - Icing by Ilya Lyubushkin.
10:56 of 1st period - Bo Horvat wins face-off versus Jonathan Miller in PHOENIX MUSTANGS zone.
10:59 of 1st period - Shot by Jared McCann.
10:59 of 1st period - Shot Misses the Net.
11:12 of 1st period - Bo Horvat is hit by John Klingberg and loses puck.
11:39 of 1st period - Shot by Bo Horvat.
11:39 of 1st period - Stopped by Jake Allen without a rebound.
11:40 of 1st period - Justin Brazeau wins face-off versus Juuso Parssinen in PHOENIX MUSTANGS zone.
11:40 of 1st period - Brady Tkachuk is hit by Tyler Wotherspoon and loses puck.
11:58 of 1st period - Jesper Fast is hit by Brenden Dillon and loses puck.
12:01 of 1st period - Shot by Jesper Fast.
12:01 of 1st period - Shot Misses the Net.
12:03 of 1st period - Shot by Juuso Parssinen.
12:03 of 1st period - Shot Misses the Net.
12:05 of 1st period - Shot by Jesper Fast.
12:05 of 1st period - Shot Blocked by Darnell Nurse.
12:07 of 1st period - Shot by Jesper Fast.
12:07 of 1st period - Stopped by Igor Shesterkin without a rebound.
12:08 of 1st period - Nick Bjugstad wins face-off versus Andreas Athanasiou in SAN FRANCISCO SPIDERS zone.
12:22 of 1st period - Shot by Taylor Hall.
12:22 of 1st period - Shot Misses the Net.
13:13 of 1st period - Jared McCann is hit by Tyler Wotherspoon and loses puck.
13:36 of 1st period - Minor Penalty to Tyler Wotherspoon for Holding.
13:37 of 1st period - Bo Horvat wins face-off versus Taylor Hall in PHOENIX MUSTANGS zone.
13:42 of 1st period - Shot by Brady Tkachuk.
13:42 of 1st period - Shot Misses the Net.
13:44 of 1st period - Shot by Bo Horvat.
13:44 of 1st period - Shot Misses the Net.
13:46 of 1st period - Shot by Darnell Nurse.
13:46 of 1st period - Shot Blocked by Ilya Lyubushkin.
13:48 of 1st period - Shot by Brenden Dillon.
13:48 of 1st period - Stopped by Jake Allen without a rebound.
13:49 of 1st period - Andreas Athanasiou wins face-off versus Jack Roslovic in PHOENIX MUSTANGS zone.
14:20 of 1st period - Shot by Jared McCann.
14:20 of 1st period - Stopped by Jake Allen without a rebound.
14:21 of 1st period - Bo Horvat wins face-off versus Andreas Athanasiou in PHOENIX MUSTANGS zone.
14:31 of 1st period - Shot by Brenden Dillon.
14:31 of 1st period - Shot Blocked by Andreas Athanasiou.
14:33 of 1st period - Shot by Darnell Nurse.
14:33 of 1st period - Shot Blocked by John Klingberg.
14:35 of 1st period - Shot by Bo Horvat.
14:35 of 1st period - Shot Blocked by Jesper Fast.
14:37 of 1st period - Shot by Viktor Arvidsson.
14:37 of 1st period - Shot Misses the Net.
15:59 of 1st period - Off-side.
16:00 of 1st period - Laurent Dauphin wins face-off versus Nick Bjugstad in neutral zone.
16:16 of 1st period - Icing by Michael Anderson.
16:17 of 1st period - Nick Bjugstad wins face-off versus Mike Sgarbossa in SAN FRANCISCO SPIDERS zone.
16:26 of 1st period - Shot by Jack Roslovic.
16:26 of 1st period - Shot Blocked by Tyler Wotherspoon.
16:28 of 1st period - Shot by Jack Roslovic.
16:28 of 1st period - Shot Blocked by Arthur Kaliyev.
16:38 of 1st period - Shot by Nick Bjugstad.
16:38 of 1st period - Shot Misses the Net.
17:09 of 1st period - Icing by Darnell Nurse.
17:10 of 1st period - Juuso Parssinen wins face-off versus Justin Brazeau in SAN FRANCISCO SPIDERS zone.
17:13 of 1st period - Shot by Juuso Parssinen.
17:13 of 1st period - Stopped by Igor Shesterkin without a rebound.
17:14 of 1st period - Bo Horvat wins face-off versus Juuso Parssinen in SAN FRANCISCO SPIDERS zone.
17:14 of 1st period - Bo Horvat is hit by Juuso Parssinen.
17:25 of 1st period - Shot by Conor Garland.
17:25 of 1st period - Shot Blocked by Darnell Nurse.
17:27 of 1st period - Shot by Matt Irwin.
17:27 of 1st period - Shot Misses the Net.
17:45 of 1st period - Shot by Conor Garland.
17:45 of 1st period - Shot Misses the Net.
17:47 of 1st period - Shot by Juuso Parssinen.
17:47 of 1st period - Stopped by Igor Shesterkin without a rebound.
17:48 of 1st period - Andreas Athanasiou wins face-off versus Justin Brazeau in SAN FRANCISCO SPIDERS zone.
17:49 of 1st period - Shot by Taylor Hall.
17:49 of 1st period - Goal by Taylor Hall - SAN FRANCISCO SPIDERS : 0 - PHOENIX MUSTANGS : 1.
17:50 of 1st period - Andreas Athanasiou wins face-off versus Justin Brazeau in neutral zone.
17:50 of 1st period - Conor Sheary is hit by Justin Brazeau and loses puck.
18:26 of 1st period - Icing by Brock Faber.
18:27 of 1st period - Juuso Parssinen wins face-off versus Justin Brazeau in SAN FRANCISCO SPIDERS zone.
19:47 of 1st period - Icing by Conor Garland.
19:48 of 1st period - Nick Bjugstad wins face-off versus Juuso Parssinen in PHOENIX MUSTANGS zone.
19:49 of 1st period - Shot by Ondrej Palat.
19:49 of 1st period - Shot Misses the Net.
19:51 of 1st period - Shot by Nick Bjugstad.
19:51 of 1st period - Goal by Nick Bjugstad - SAN FRANCISCO SPIDERS : 1 - PHOENIX MUSTANGS : 1.
19:52 of 1st period - Andreas Athanasiou wins face-off versus Nick Bjugstad in neutral zone.
Goals for this period are 1 for SAN FRANCISCO SPIDERS vs 1 for PHOENIX MUSTANGS.
Shots for this period are 20 for SAN FRANCISCO SPIDERS vs 6 for PHOENIX MUSTANGS.

2nd period


0:01 of 2nd period - Justin Brazeau wins face-off versus Andreas Athanasiou in neutral zone.
0:26 of 2nd period - Shot by Andreas Athanasiou.
0:26 of 2nd period - Stopped by Igor Shesterkin without a rebound.
0:27 of 2nd period - Andrei Svechnikov wins face-off versus Juuso Parssinen in SAN FRANCISCO SPIDERS zone.
0:29 of 2nd period - Bo Horvat is hit by Jesper Fast and loses puck.
0:33 of 2nd period - Brock Faber is hit by Matt Irwin and loses puck.
0:38 of 2nd period - Shot by Bo Horvat.
0:38 of 2nd period - Shot Misses the Net.
2:42 of 2nd period - Shot by Nick Bjugstad.
2:42 of 2nd period - Shot Misses the Net.
3:07 of 2nd period - Nick Bjugstad is hit by Tyler Wotherspoon.
3:11 of 2nd period - Shot by Ondrej Palat.
3:11 of 2nd period - Stopped by Jake Allen without a rebound.
3:12 of 2nd period - Jonathan Miller wins face-off versus Dakota Joshua in PHOENIX MUSTANGS zone.
3:23 of 2nd period - Shot by Jonathan Miller.
3:23 of 2nd period - Shot Hit the Post.
3:25 of 2nd period - Shot by Jonathan Miller.
3:25 of 2nd period - Stopped by Igor Shesterkin without a rebound.
3:26 of 2nd period - Bo Horvat wins face-off versus Andreas Athanasiou in SAN FRANCISCO SPIDERS zone.
3:31 of 2nd period - Shot by Jared McCann.
3:31 of 2nd period - Stopped by Jake Allen without a rebound.
3:32 of 2nd period - Bo Horvat wins face-off versus Andreas Athanasiou in PHOENIX MUSTANGS zone.
3:33 of 2nd period - Shot by Andrei Svechnikov.
3:33 of 2nd period - Stopped by Jake Allen without a rebound.
3:34 of 2nd period - Andreas Athanasiou wins face-off versus Justin Brazeau in PHOENIX MUSTANGS zone.
3:47 of 2nd period - Brady Tkachuk is hit by John Klingberg and loses puck.
4:20 of 2nd period - Shot by Brady Tkachuk.
4:20 of 2nd period - Shot Misses the Net.
4:22 of 2nd period - Shot by Viktor Arvidsson.
4:22 of 2nd period - Shot Misses the Net.
4:34 of 2nd period - Shot by Andrei Svechnikov.
4:34 of 2nd period - Shot Misses the Net.
4:52 of 2nd period - Shot by Jared McCann.
4:52 of 2nd period - Stopped by Jake Allen without a rebound.
4:53 of 2nd period - Nick Bjugstad wins face-off versus Juuso Parssinen in PHOENIX MUSTANGS zone.
4:58 of 2nd period - Shot by Ondrej Palat.
4:58 of 2nd period - Shot Misses the Net.
5:08 of 2nd period - Shot by Jack Roslovic.
5:08 of 2nd period - Stopped by Jake Allen without a rebound.
5:09 of 2nd period - Bo Horvat wins face-off versus Jonathan Miller in PHOENIX MUSTANGS zone.
5:48 of 2nd period - Erik Gudbranson is hit by Jonathan Miller.
5:58 of 2nd period - Jacob Middleton is hit by Jonathan Miller and loses puck.
6:36 of 2nd period - Minor Penalty to Brenden Dillon for Slashing.
6:37 of 2nd period - Dakota Joshua wins face-off versus Andreas Athanasiou in SAN FRANCISCO SPIDERS zone.
7:00 of 2nd period - Shot by Andreas Athanasiou.
7:00 of 2nd period - Shot Misses the Net.
7:02 of 2nd period - Shot by Conor Sheary.
7:02 of 2nd period - Deflect By Andreas Athanasiou.
7:02 of 2nd period - Stopped by Igor Shesterkin without a rebound.
7:03 of 2nd period - Bo Horvat wins face-off versus Juuso Parssinen in SAN FRANCISCO SPIDERS zone.
7:21 of 2nd period - Shot by John Klingberg.
7:21 of 2nd period - Shot Misses the Net.
8:06 of 2nd period - Shot by Taylor Hall.
8:06 of 2nd period - Stopped by Igor Shesterkin without a rebound.
8:07 of 2nd period - Bo Horvat wins face-off versus Andreas Athanasiou in SAN FRANCISCO SPIDERS zone.
8:26 of 2nd period - Shot by Conor Sheary.
8:26 of 2nd period - Stopped by Igor Shesterkin without a rebound.
8:27 of 2nd period - Juuso Parssinen wins face-off versus Viktor Arvidsson in SAN FRANCISCO SPIDERS zone.
8:32 of 2nd period - Shot by Jesper Fast.
8:32 of 2nd period - Shot Blocked by Viktor Arvidsson.
8:37 of 2nd period - Juuso Parssinen is hit by Michael Anderson and loses puck.
9:26 of 2nd period - Shot by Brady Tkachuk.
9:26 of 2nd period - Stopped by Jake Allen without a rebound.
9:27 of 2nd period - Justin Brazeau wins face-off versus Andreas Athanasiou in PHOENIX MUSTANGS zone.
9:31 of 2nd period - Icing by John Klingberg.
9:32 of 2nd period - Justin Brazeau wins face-off versus Andreas Athanasiou in PHOENIX MUSTANGS zone.
9:50 of 2nd period - Andreas Athanasiou is hit by Brenden Dillon and loses puck.
9:55 of 2nd period - Shot by Taylor Hall.
9:55 of 2nd period - Shot Misses the Net.
9:57 of 2nd period - Shot by Andreas Athanasiou.
9:57 of 2nd period - Stopped by Igor Shesterkin with a rebound.
9:59 of 2nd period - Shot by Conor Sheary.
9:59 of 2nd period - Stopped by Igor Shesterkin without a rebound.
10:00 of 2nd period - Jack Roslovic wins face-off versus Juuso Parssinen in SAN FRANCISCO SPIDERS zone.
10:00 of 2nd period - Jack Roslovic is hit by Conor Garland.
10:06 of 2nd period - Shot by Nick Bjugstad.
10:06 of 2nd period - Shot Misses the Net.
10:16 of 2nd period - Icing by Nick Bjugstad.
10:17 of 2nd period - Jonathan Miller wins face-off versus Nick Bjugstad in SAN FRANCISCO SPIDERS zone.
10:29 of 2nd period - Shot by Alex Barre-Boulet.
10:29 of 2nd period - Shot Misses the Net.
11:18 of 2nd period - Shot by Conor Sheary.
11:18 of 2nd period - Deflect By Andreas Athanasiou.
11:18 of 2nd period - Stopped by Igor Shesterkin without a rebound.
11:19 of 2nd period - Bo Horvat wins face-off versus Juuso Parssinen in SAN FRANCISCO SPIDERS zone.
11:24 of 2nd period - Shot by Andrei Svechnikov.
11:24 of 2nd period - Shot Blocked by Juuso Parssinen.
11:28 of 2nd period - Shot by Bo Horvat.
11:28 of 2nd period - Shot Misses the Net.
11:30 of 2nd period - Shot by Bo Horvat.
11:30 of 2nd period - Stopped by Jake Allen without a rebound.
11:31 of 2nd period - Justin Brazeau wins face-off versus Andreas Athanasiou in PHOENIX MUSTANGS zone.
11:38 of 2nd period - Shot by Brady Tkachuk.
11:38 of 2nd period - Stopped by Jake Allen with a rebound.
11:41 of 2nd period - Icing by Ilya Lyubushkin.
11:42 of 2nd period - Bo Horvat wins face-off versus Andreas Athanasiou in PHOENIX MUSTANGS zone.
11:52 of 2nd period - Bo Horvat is hit by Taylor Hall.
12:06 of 2nd period - Shot by Taylor Hall.
12:06 of 2nd period - Stopped by Igor Shesterkin without a rebound.
12:07 of 2nd period - Justin Brazeau wins face-off versus Juuso Parssinen in SAN FRANCISCO SPIDERS zone.
12:32 of 2nd period - Shot by Brady Tkachuk.
12:32 of 2nd period - Shot Hit the Post.
12:44 of 2nd period - Shot by Viktor Arvidsson.
12:44 of 2nd period - Stopped by Jake Allen without a rebound.
12:45 of 2nd period - Bo Horvat wins face-off versus Andreas Athanasiou in PHOENIX MUSTANGS zone.
13:03 of 2nd period - Icing by Bo Horvat.
13:04 of 2nd period - Bo Horvat wins face-off versus Mike Sgarbossa in SAN FRANCISCO SPIDERS zone.
13:13 of 2nd period - Tyler Wotherspoon is hit by Andrei Svechnikov and loses puck.
13:18 of 2nd period - Shot by Bo Horvat.
13:18 of 2nd period - Stopped by Jake Allen with a rebound.
13:20 of 2nd period - Shot by Bo Horvat.
13:20 of 2nd period - Deflect By Andrei Svechnikov.
13:20 of 2nd period - Shot Misses the Net.
14:04 of 2nd period - Off-side.
14:05 of 2nd period - Nick Bjugstad wins face-off versus Andreas Athanasiou in neutral zone.
14:22 of 2nd period - Shot by Jack Roslovic.
14:22 of 2nd period - Stopped by Jake Allen with a rebound.
15:05 of 2nd period - Icing by Brock Faber.
15:06 of 2nd period - Juuso Parssinen wins face-off versus Justin Brazeau in SAN FRANCISCO SPIDERS zone.
15:08 of 2nd period - Conor Garland is hit by Michael Anderson and loses puck.
15:25 of 2nd period - Matt Irwin is hit by Justin Brazeau and loses puck.
15:34 of 2nd period - Shot by Brady Tkachuk.
15:34 of 2nd period - Stopped by Jake Allen without a rebound.
15:35 of 2nd period - Bo Horvat wins face-off versus Mike Sgarbossa in PHOENIX MUSTANGS zone.
16:07 of 2nd period - Shot by Bo Horvat.
16:07 of 2nd period - Shot Misses the Net.
16:09 of 2nd period - Shot by Bo Horvat.
16:09 of 2nd period - Shot Misses the Net.
16:17 of 2nd period - Shot by Jared McCann.
16:17 of 2nd period - Stopped by Jake Allen with a rebound.
16:46 of 2nd period - Off-side.
16:47 of 2nd period - Nick Bjugstad wins face-off versus Juuso Parssinen in neutral zone.
17:40 of 2nd period - Icing by Matt Irwin.
17:41 of 2nd period - Juuso Parssinen wins face-off versus Justin Brazeau in PHOENIX MUSTANGS zone.
17:41 of 2nd period - Juuso Parssinen is hit by Brady Tkachuk.
17:44 of 2nd period - Minor Penalty to Brady Tkachuk for Interference.
17:45 of 2nd period - Bo Horvat wins face-off versus Andreas Athanasiou in SAN FRANCISCO SPIDERS zone.
18:16 of 2nd period - Shot by Taylor Hall.
18:16 of 2nd period - Stopped by Igor Shesterkin with a rebound.
18:59 of 2nd period - Icing by John Klingberg.
19:00 of 2nd period - Bo Horvat wins face-off versus Juuso Parssinen in PHOENIX MUSTANGS zone.
19:05 of 2nd period - Shot by Andrei Svechnikov.
19:05 of 2nd period - Shot Blocked by Matt Irwin.
Goals for this period are 0 for SAN FRANCISCO SPIDERS vs 0 for PHOENIX MUSTANGS.
Shots for this period are 13 for SAN FRANCISCO SPIDERS vs 10 for PHOENIX MUSTANGS.

3rd period


0:01 of 3rd period - Andreas Athanasiou wins face-off versus Justin Brazeau in neutral zone.
0:12 of 3rd period - Shot by Brady Tkachuk.
0:12 of 3rd period - Shot Misses the Net.
0:41 of 3rd period - Icing by Taylor Hall.
0:42 of 3rd period - Taylor Hall wins face-off versus Bo Horvat in PHOENIX MUSTANGS zone.
0:49 of 3rd period - Shot by Andreas Athanasiou.
0:49 of 3rd period - Shot Misses the Net.
0:55 of 3rd period - Shot by Bo Horvat.
0:55 of 3rd period - Stopped by Jake Allen with a rebound.
1:01 of 3rd period - Shot by Andrei Svechnikov.
1:01 of 3rd period - Shot Misses the Net.
1:18 of 3rd period - Off-side.
1:19 of 3rd period - Juuso Parssinen wins face-off versus Nick Bjugstad in neutral zone.
1:22 of 3rd period - Jacob Middleton is hit by Jesper Fast and loses puck.
1:37 of 3rd period - Shot by Juuso Parssinen.
1:37 of 3rd period - Shot Misses the Net.
2:49 of 3rd period - Shot by Brady Tkachuk.
2:49 of 3rd period - Stopped by Jake Allen without a rebound.
2:50 of 3rd period - Bo Horvat wins face-off versus Andreas Athanasiou in PHOENIX MUSTANGS zone.
4:30 of 3rd period - Shot by Brady Tkachuk.
4:30 of 3rd period - Shot Blocked by Juuso Parssinen.
6:04 of 3rd period - Off-side.
6:05 of 3rd period - Bo Horvat wins face-off versus Andreas Athanasiou in neutral zone.
6:05 of 3rd period - Bo Horvat is hit by Taylor Hall.
6:21 of 3rd period - Andreas Athanasiou is hit by Andrei Svechnikov and loses puck.
6:47 of 3rd period - Shot by Bo Horvat.
6:47 of 3rd period - Stopped by Jake Allen without a rebound.
6:48 of 3rd period - Nick Bjugstad wins face-off versus Juuso Parssinen in PHOENIX MUSTANGS zone.
6:59 of 3rd period - Shot by Ondrej Palat.
6:59 of 3rd period - Shot Misses the Net.
7:01 of 3rd period - Shot by Jacob Middleton.
7:01 of 3rd period - Shot Misses the Net.
7:21 of 3rd period - Icing by Jacob Middleton.
7:22 of 3rd period - Nick Bjugstad wins face-off versus Mike Sgarbossa in SAN FRANCISCO SPIDERS zone.
7:24 of 3rd period - Icing by Jack Roslovic.
7:25 of 3rd period - Andreas Athanasiou wins face-off versus Nick Bjugstad in SAN FRANCISCO SPIDERS zone.
7:55 of 3rd period - Ilya Lyubushkin is hit by Ondrej Palat and loses puck.
8:27 of 3rd period - Icing by Michael Anderson.
8:28 of 3rd period - Bo Horvat wins face-off versus Mike Sgarbossa in SAN FRANCISCO SPIDERS zone.
8:34 of 3rd period - Icing by Bo Horvat.
8:35 of 3rd period - Juuso Parssinen wins face-off versus Jared McCann in SAN FRANCISCO SPIDERS zone.
8:39 of 3rd period - Jesper Fast is hit by Brock Faber and loses puck.
8:59 of 3rd period - Shot by Bo Horvat.
8:59 of 3rd period - Deflect By Andrei Svechnikov.
8:59 of 3rd period - Stopped by Jake Allen with a rebound.
9:01 of 3rd period - Shot by Bo Horvat.
9:01 of 3rd period - Shot Misses the Net.
10:31 of 3rd period - Shot by Nick Bjugstad.
10:31 of 3rd period - Stopped by Jake Allen without a rebound.
10:32 of 3rd period - Andreas Athanasiou wins face-off versus Dakota Joshua in PHOENIX MUSTANGS zone.
10:32 of 3rd period - Andreas Athanasiou is hit by Dakota Joshua.
10:51 of 3rd period - Minor Penalty to Dakota Joshua for Holding.
10:52 of 3rd period - Bo Horvat wins face-off versus Andreas Athanasiou in SAN FRANCISCO SPIDERS zone.
10:52 of 3rd period - Bo Horvat is hit by Taylor Hall.
11:12 of 3rd period - Off-side.
11:13 of 3rd period - Andreas Athanasiou wins face-off versus Bo Horvat in neutral zone.
11:16 of 3rd period - Bo Horvat is hit by Andreas Athanasiou.
11:48 of 3rd period - Icing by Andreas Athanasiou.
11:49 of 3rd period - Andreas Athanasiou wins face-off versus Viktor Arvidsson in PHOENIX MUSTANGS zone.
11:49 of 3rd period - Andreas Athanasiou is hit by Viktor Arvidsson.
12:20 of 3rd period - Shot by Conor Garland.
12:20 of 3rd period - Shot Blocked by Bo Horvat.
12:34 of 3rd period - Shot by Conor Garland.
12:34 of 3rd period - Stopped by Igor Shesterkin without a rebound.
12:35 of 3rd period - Viktor Arvidsson wins face-off versus Andreas Athanasiou in SAN FRANCISCO SPIDERS zone.
12:40 of 3rd period - Andreas Athanasiou is hit by Jack Roslovic and loses puck.
13:00 of 3rd period - Sam Lafferty is hit by Tyler Wotherspoon and loses puck.
13:13 of 3rd period - Shot by Dakota Joshua.
13:13 of 3rd period - Deflect By Eeli Tolvanen.
13:13 of 3rd period - Shot Misses the Net.
13:17 of 3rd period - Shot by Sam Lafferty.
13:17 of 3rd period - Stopped by Jake Allen without a rebound.
13:18 of 3rd period - Jonathan Miller wins face-off versus Justin Brazeau in PHOENIX MUSTANGS zone.
13:25 of 3rd period - Shot by Alex Barre-Boulet.
13:25 of 3rd period - Stopped by Igor Shesterkin without a rebound.
13:26 of 3rd period - Justin Brazeau wins face-off versus Jonathan Miller in SAN FRANCISCO SPIDERS zone.
13:34 of 3rd period - Icing by Gavin Bayreuther.
13:35 of 3rd period - Jonathan Miller wins face-off versus Bo Horvat in PHOENIX MUSTANGS zone.
13:58 of 3rd period - Shot by Jared McCann.
13:58 of 3rd period - Stopped by Jake Allen without a rebound.
13:59 of 3rd period - Andreas Athanasiou wins face-off versus Justin Brazeau in PHOENIX MUSTANGS zone.
14:16 of 3rd period - Shot by Conor Sheary.
14:16 of 3rd period - Deflect By Andreas Athanasiou.
14:16 of 3rd period - Shot Misses the Net.
14:18 of 3rd period - Shot by John Klingberg.
14:18 of 3rd period - Stopped by Igor Shesterkin without a rebound.
14:19 of 3rd period - Bo Horvat wins face-off versus Juuso Parssinen in SAN FRANCISCO SPIDERS zone.
14:42 of 3rd period - Shot by Ilya Lyubushkin.
14:42 of 3rd period - Shot Misses the Net.
14:44 of 3rd period - Shot by Ilya Lyubushkin.
14:44 of 3rd period - Deflect By Conor Garland.
14:44 of 3rd period - Shot Misses the Net.
14:46 of 3rd period - Shot by Ilya Lyubushkin.
14:46 of 3rd period - Shot Misses the Net.
14:48 of 3rd period - Shot by Juuso Parssinen.
14:48 of 3rd period - Shot Blocked by Darnell Nurse.
15:07 of 3rd period - Jared McCann is hit by Ilya Lyubushkin and loses puck.
15:36 of 3rd period - Brock Faber is hit by Andreas Athanasiou and loses puck.
15:45 of 3rd period - Shot by Andreas Athanasiou.
15:45 of 3rd period - Stopped by Igor Shesterkin without a rebound.
15:46 of 3rd period - Nick Bjugstad wins face-off versus Mike Sgarbossa in SAN FRANCISCO SPIDERS zone.
15:51 of 3rd period - Arthur Kaliyev is hit by Ondrej Palat and loses puck.
16:18 of 3rd period - Shot by Nick Bjugstad.
16:18 of 3rd period - Stopped by Jake Allen with a rebound.
16:20 of 3rd period - Shot by Erik Gudbranson.
16:20 of 3rd period - Stopped by Jake Allen without a rebound.
16:21 of 3rd period - Andreas Athanasiou wins face-off versus Justin Brazeau in PHOENIX MUSTANGS zone.
16:38 of 3rd period - Shot by Taylor Hall.
16:38 of 3rd period - Stopped by Igor Shesterkin with a rebound.
16:40 of 3rd period - Shot by Conor Sheary.
16:40 of 3rd period - Stopped by Igor Shesterkin without a rebound.
16:41 of 3rd period - Jonathan Miller wins face-off versus Bo Horvat in SAN FRANCISCO SPIDERS zone.
16:41 of 3rd period - Alex Barre-Boulet is hit by Brenden Dillon and loses puck.
16:56 of 3rd period - Shot by Andrei Svechnikov.
16:56 of 3rd period - Shot Misses the Net.
17:06 of 3rd period - Shot by Bo Horvat.
17:06 of 3rd period - Stopped by Jake Allen without a rebound.
17:07 of 3rd period - Justin Brazeau wins face-off versus Andreas Athanasiou in PHOENIX MUSTANGS zone.
17:20 of 3rd period - Shot by Brady Tkachuk.
17:20 of 3rd period - Deflect By Viktor Arvidsson.
17:20 of 3rd period - Shot Blocked by Tyler Wotherspoon.
17:20 of 3rd period - Tyler Wotherspoon from PHOENIX MUSTANGS is injured at 17:20 of 3rd period (Left Hand).
17:21 of 3rd period - Bo Horvat wins face-off versus Juuso Parssinen in PHOENIX MUSTANGS zone.
17:39 of 3rd period - Shot by Bo Horvat.
17:39 of 3rd period - Stopped by Jake Allen without a rebound.
17:40 of 3rd period - Justin Brazeau wins face-off versus Andreas Athanasiou in PHOENIX MUSTANGS zone.
17:54 of 3rd period - Icing by Andreas Athanasiou.
17:55 of 3rd period - Nick Bjugstad wins face-off versus Andreas Athanasiou in PHOENIX MUSTANGS zone.
18:00 of 3rd period - Shot by Jack Roslovic.
18:00 of 3rd period - Stopped by Jake Allen without a rebound.
18:01 of 3rd period - Justin Brazeau wins face-off versus Juuso Parssinen in PHOENIX MUSTANGS zone.
18:01 of 3rd period - Justin Brazeau is hit by Ilya Lyubushkin.
18:03 of 3rd period - Shot by Brady Tkachuk.
18:03 of 3rd period - Stopped by Jake Allen with a rebound.
18:15 of 3rd period - Shot by Viktor Arvidsson.
18:15 of 3rd period - Stopped by Jake Allen with a rebound.
18:40 of 3rd period - Off-side.
18:41 of 3rd period - Nick Bjugstad wins face-off versus Andreas Athanasiou in neutral zone.
19:01 of 3rd period - Minor Penalty to Matt Irwin for High sticking.
19:02 of 3rd period - Jack Roslovic wins face-off versus Taylor Hall in PHOENIX MUSTANGS zone.
19:07 of 3rd period - Shot by Jack Roslovic.
19:07 of 3rd period - Stopped by Jake Allen without a rebound.
19:08 of 3rd period - Taylor Hall wins face-off versus Bo Horvat in PHOENIX MUSTANGS zone.
Goals for this period are 0 for SAN FRANCISCO SPIDERS vs 0 for PHOENIX MUSTANGS.
Shots for this period are 15 for SAN FRANCISCO SPIDERS vs 6 for PHOENIX MUSTANGS.

Overtime #1


0:01 of 1st overtime period - Bo Horvat wins face-off versus Taylor Hall in neutral zone.
0:03 of 1st overtime period - Off-side.
0:04 of 1st overtime period - Bo Horvat wins face-off versus Taylor Hall in neutral zone.
0:25 of 1st overtime period - Shot by Bo Horvat.
0:25 of 1st overtime period - Stopped by Jake Allen without a rebound.
0:26 of 1st overtime period - Taylor Hall wins face-off versus Bo Horvat in PHOENIX MUSTANGS zone.
0:39 of 1st overtime period - Shot by Bo Horvat.
0:39 of 1st overtime period - Shot Misses the Net.
0:41 of 1st overtime period - Shot by Michael Anderson.
0:41 of 1st overtime period - Stopped by Jake Allen without a rebound.
0:42 of 1st overtime period - Bo Horvat wins face-off versus Taylor Hall in PHOENIX MUSTANGS zone.
0:47 of 1st overtime period - Shot by Jared McCann.
0:47 of 1st overtime period - Shot Misses the Net.
0:49 of 1st overtime period - Shot by Jared McCann.
0:49 of 1st overtime period - Shot Misses the Net.
0:51 of 1st overtime period - Shot by Bo Horvat.
0:51 of 1st overtime period - Shot Misses the Net.
0:59 of 1st overtime period - Shot by Jared McCann.
0:59 of 1st overtime period - Deflect By Bo Horvat.
0:59 of 1st overtime period - Stopped by Jake Allen without a rebound.
1:00 of 1st overtime period - Conor Sheary wins face-off versus Jack Roslovic in PHOENIX MUSTANGS zone.
1:09 of 1st overtime period - Shot by Conor Sheary.
1:09 of 1st overtime period - Shot Blocked by Darnell Nurse.
1:17 of 1st overtime period - Shot by Jack Roslovic.
1:17 of 1st overtime period - Deflect By Bo Horvat.
1:17 of 1st overtime period - Goal by Bo Horvat - SAN FRANCISCO SPIDERS : 2 - PHOENIX MUSTANGS : 1.
Goals for this period are 1 for SAN FRANCISCO SPIDERS vs 0 for PHOENIX MUSTANGS.
Shots for this period are 4 for SAN FRANCISCO SPIDERS vs 0 for PHOENIX MUSTANGS.


BLAKE
WHEELER
STEVEN
STAMKOS
DREW
DOUGHTY

EAST COAST

HOCKEY LEAGUE

  • 63.RHI2PIT5
  • 64.WOR4ATL3
  • 65.QUECHW
  • 66.CHATRV